 Dungeon Crawl Stone Soup version 0.26-a0-771-g060e6a62af (webtiles) character file.

Game seed: 1411753487162371547

646473 2tc the Conqueror (level 27, -7/323 HPs)
             Began as a Demonspawn Gladiator on Nov 8, 2020.
             Was the Champion of Qazlal.
             Mangled by a deathcap (10 damage)
             ... summoned by a curse toe
             ... on level 5 of the Realm of Zot on Nov 9, 2020.
             The game lasted 07:41:30 (69096 turns).

2tc the Conqueror (Demonspawn Gladiator)           Turns: 69096, Time: 07:41:31

Health: -7/323     AC: 15    Str: 15 (16) XL:     27
Magic:  0/10       EV: 23    Int: 23 (26) God:    Qazlal [******]
Gold:   5462       SH: 16    Dex: 18      Spells: 4/36 levels left

rFire    + + +     SeeInvis .   R - +8 war axe (antimagic)
rCold    + . .     Faith    .   s - +2 buckler {rN+}
rNeg     + + .     Spirit   +   A - +0 acid dragon scales
rPois    +         Reflect  .   P - +2 hat
rElec    +         Harm     .   J - +2 ratskin cloak {*Rats rPois rN+ Str-1 Int-1 Dex+1}
rCorr    +         Rampage  .   (gloves unavailable)
MR       ++...     Rnd*Rage +   h - +2 pair of boots
Stlth    +.........             p - amulet of guardian spirit
HPRegen  0.00/turn              f - ring "Iguys" {rElec MR++ Int+6 Dex-4 Slay+3}
MPRegen  0.12/turn              X - ring "Noduycw" {rF++ MR+ Str-3 Int+6 Stlth+}

@: resistant, vulnerable, protected from fire, contaminated, glowing, studying 2
skills, repel missiles
A: beak, claws 3, thin skeletal structure 3, berserk 3, clumsy 1, deformed body,
deterioration 1, low mp 2, powered by death 3, robust 3, inhibited regeneration,
spiny 3, no potion heal 1, MP-powered wands
}: 3/15 runes: decaying, barnacled, silver
a: Upheaval, Elemental Force, Disaster Area, Renounce Religion


You were on level 5 of the Realm of Zot.
You worshipped Qazlal.
Qazlal was exalted by your worship.
You visited 11 branches of the dungeon, and saw 53 of its levels.
You visited the Abyss 1 time.
You visited 1 bazaar.
You also visited: Ice Cave and Wizlab.

You collected 8651 gold pieces.
You spent 3189 gold pieces at shops.

Inventory:

Hand Weapons
 z - a +9 broad axe of draining
 G - a +5 war axe of flaming
 R - a +8 antimagic war axe (weapon)
 S - the +8 whip "Snakebite" {curare, rPois}
   (You found it on level 2 of the Lair of Beasts)

   It poisons the flesh of those it strikes.
   It protects you from poison.
Armour
 h - a +2 pair of boots (worn)
 s - a +2 buckler of positive energy (worn)
 A - +0 acid dragon scales (worn)
 J - the +2 ratskin cloak (worn) {*Rats rPois rN+ Str-1 Int-1 Dex+1}
   (You found it on level 10 of the Dungeon)

   It affects your strength (-1).
   It affects your intelligence (-1).
   It affects your dexterity (+1).
   It protects you from poison.
   It protects you from negative energy.
 P - a +2 hat (worn)
Jewellery
 a - an uncursed amulet of the acrobat
 d - an uncursed ring of protection from cold
 f - the ring "Iguys" (left claw) {rElec MR++ Int+6 Dex-4 Slay+3}
   (You acquired it on level 9 of the Dungeon)

   [ring of intelligence]

   It affects your intelligence (+6).
   It affects your dexterity (-4).
   It affects your accuracy and damage with ranged weapons and melee attacks
   (+3).
   It insulates you from electricity.
   It affects your resistance to hostile enchantments.
 p - an amulet of guardian spirit (around neck)
 q - the amulet "Husch" {RegenMP rElec rN+ MR- Str+5}
   (You found it on level 2 of the Crypt)

   [amulet of magic regeneration]

   It increases your magic regeneration.
   It affects your strength (+5).
   It insulates you from electricity.
   It protects you from negative energy.
   It affects your resistance to hostile enchantments.
 B - a +4 ring of slaying
 E - a cursed ring of protection from magic
 H - an uncursed amulet of reflection
 L - an uncursed ring of see invisible
 M - a ring of the Octopus King {rN+ AC+1 EV+1 Str+1 Int+1 Dex+1}
   (You found it on level 3 of the Crypt)

   [ring of positive energy]

   It affects your AC (+1).
   It affects your evasion (+1).
   It affects your strength (+1).
   It affects your intelligence (+1).
   It affects your dexterity (+1).
   It protects you from negative energy.
 Q - an uncursed ring of protection from cold
 X - the ring "Noduycw" (right claw) {rF++ MR+ Str-3 Int+6 Stlth+}
   (You found it on level 4 of the Swamp)

   [ring of intelligence]

   It affects your strength (-3).
   It affects your intelligence (+6).
   It greatly protects you from fire.
   It affects your resistance to hostile enchantments.
   It makes you more stealthy.
Wands
 b - a wand of acid (48)
 i - a wand of digging (41)
 y - a wand of iceblast (23)
 Y - a wand of flame (58)
Scrolls
 c - 3 scrolls of silence
 j - 27 scrolls of teleportation
 k - 14 scrolls of identify
 l - 20 scrolls of remove curse
 u - 16 scrolls of fear
 w - 6 scrolls of enchant armour
 C - a scroll of fog
 F - a scroll of brand weapon
 I - 7 scrolls of enchant weapon
 U - 3 scrolls of holy word
 V - 4 scrolls of torment
 Z - 13 scrolls of amnesia
Potions
 e - 5 potions of flight
 m - 7 potions of cancellation
 n - 2 potions of resistance
 t - 15 potions of curing
 D - 5 potions of berserk rage
 O - 3 potions of invisibility
 T - 3 potions of brilliance
 W - 3 potions of ambrosia
Books
 g - a manual of Shields
 v - a manual of Dodging


   Skills:
 O Level 27 Fighting
 - Level 19.6(20.0) Axes
 - Level 5.5(14.2) Maces & Flails
   Level 3.7(13.8) Polearms
 - Level 1.7 Throwing
 - Level 12.0 Armour
 - Level 15.0 Dodging
 - Level 6.1 Shields
 - Level 5.0 Spellcasting
 - Level 20.0 Necromancy
 - Level 5.0 Transmutations
 - Level 0.2 Earth Magic
 * Level 26.2 Invocations


You had 4 spell levels left.
You knew the following spells:

 Your Spells              Type           Power        Failure   Level
a - Slow                  Hex            #.......     19%         2
b - Death Channel         Necr           #######...   1%          6
c - Animate Dead          Necr           #######...   1%          4
d - Wereblood             Tmut           ####....     2%          2
e - Pain                  Necr           ####         0%          1
f - Vampiric Draining     Necr           #######...   0%          3
g - Agony                 Necr           #######.     1%          5
h - Dispel Undead         Necr           #######.     1%          4
i - Borgnjor's Vile Clut  Necr/Erth      ######....   5%          5

Your spell library contained the following spells:

 Spells                   Type           Power        Failure   Level
 Animate Skeleton         Necr           ######       0%          1
 Sublimation of Blood     Necr           #######...   0%          2
 Beastly Appendage        Tmut           ####..       1%          1
 Corpse Rot               Necr/Air       N/A          1%          2
 Sting                    Tmut/Pois      ###.         4%          1
 Passwall                 Tmut/Erth      ###.....     6%          2
 Sandblast                Erth           #.....       11%         1
 Corona                   Hex            #......      12%         1
 Foxfire                  Conj/Fire      #...         12%         1
 Freeze                   Ice            #...         12%         1
 Magic Dart               Conj           #...         12%         1
 Shock                    Conj/Air       #...         12%         1
 Summon Small Mammal      Summ           #...         12%         1
 Spider Form              Tmut/Pois      ###.......   13%         3
 Blink                    Tloc           N/A          19%         2
 Call Imp                 Summ           #.......     19%         2
 Ensorcelled Hibernation  Hex/Ice        #.....       19%         2
 Poisonous Vapours        Pois/Air       #.....       19%         2
 Searing Ray              Conj           #.....       19%         2
 Swiftness                Air            #.......     19%         2
 Ignite Poison            Fire/Tmut/Pois ##......     19%         3
 Call Canine Familiar     Summ           #.......     34%         3
 Confusing Touch          Hex            #.......     34%         3
 Conjure Flame            Conj/Fire      #.......     34%         3
 Dazzling Flash           Conj/Hex       #.....       34%         3
 Frozen Ramparts          Ice            #.....       34%         3
 Gell's Gravitas          Tloc           #.........   34%         3
 Inner Flame              Hex/Fire       #.......     34%         3
 Mephitic Cloud           Conj/Pois/Air  #.......     34%         3
 Ozocubu's Armour         Ice            #.......     34%         3
 Portal Projectile        Hex/Tloc       #.....       34%         3
 Static Discharge         Conj/Air       #.......     34%         3
 Stone Arrow              Conj/Erth      #.....       34%         3
 Summon Guardian Golem    Hex/Summ       #.......     34%         3
 Ice Form                 Ice/Tmut       ###.....     38%         4
 Petrify                  Tmut/Erth      ###.....     38%         4
 Airstrike                Air            #.........   75%         4
 Cause Fear               Hex            #.........   75%         4
 Fulminant Prism          Conj/Hex       #.........   75%         4
 Hailstorm                Conj/Ice       #.......     75%         4
 Iskenderun's Mystic Bla  Conj/Tloc      #.......     75%         4
 Leda's Liquefaction      Hex/Erth       #.........   75%         4
 Olgreb's Toxic Radiance  Pois           #.......     75%         4
 Sticky Flame             Conj/Fire      #.......     75%         4
 Summon Ice Beast         Ice/Summ       #.......     75%         4
 Summon Lightning Spire   Summ/Air       #.......     75%         4
 Excruciating Wounds      Necr           #######...   1%          5
 Borgnjor's Revivificati  Necr           #######...   22%         8
 Infestation              Necr           #######...   22%         8
 Simulacrum               Ice/Necr       ######....   30%         6
 Blade Hands              Tmut           ####......   38%         5
 Alistair's Intoxication  Tmut/Pois      ###......    75%         5
 Yara's Violent Unravell  Hex/Tmut       ###.......   75%         5
 Haunt                    Necr/Summ      ######....   86%         7
 Lee's Rapid Deconstruct  Erth           #.........   96%         5
 Fireball                 Conj/Fire      #.........   97%         5
 Lightning Bolt           Conj/Air       #.........   97%         5
 Metabolic Englaciation   Hex/Ice        #.........   97%         5
 Silence                  Hex/Air        #.........   97%         5
 Summon Demon             Summ           #.........   97%         5
 Death's Door             Necr           #######...   97%         9
 Necromutation            Tmut/Necr      ######....   99%         8
 Freezing Cloud           Conj/Ice/Air   #.........   100%        6
 Iron Shot                Conj/Erth      #.........   100%        6
 Ozocubu's Refrigeration  Ice            #.........   100%        6
 Shadow Creatures         Summ           N/A          100%        6
 Starburst                Conj/Fire      #.........   100%        6
 Dragon Form              Tmut           ####......   100%        7
 Summon Hydra             Summ           #.........   100%        7
 Discord                  Hex            #.........   100%        8
 Ignition                 Fire           #.........   100%        8
 Dragon's Call            Summ           #.........   100%        9


Dungeon Overview and Level Annotations

Branches:
Dungeon (15/15)            Temple (1/1) D:7            Lair (6/6) D:11
  Swamp (4/4) Lair:4       Shoals (4/4) Lair:4        Slime (0/5) Lair:5
    Orc (2/2) D:9             Elf (3/3) Orc:2        Vaults (5/5) D:13
  Crypt (3/3) Vaults:3       Tomb (0/3) Crypt:3      Depths (5/5) D:15
    Zot (5/5) Depths:5      IceCv (visited)          WizLab (visited)
  Snake: Lair:2-4    Spider: Lair:2-4

Altars:
Ashenzari
Cheibriados
Dithmenos
Elyvilon
Fedhas
Gozag
Hepliaklqana
Kikubaaqudgha
Makhleb
Nemelex Xobeh
Qazlal
Ru
Trog
Uskayaw
Vehumet
Wu Jian
Xom
Yredelemnul
Zin
The Shining One
Beogh
Jiyva
Lugonu

Shops:
D:6 *   D:7 (   D:10 ?:}   D:11 *   D:15 *   Orc:2 ?[([   Vaults:1 *
Vaults:4 [   Vaults:5 }   Zot:4 *   Depths:1 =[[

Portals:
Hell: Depths:1 Depths:2 Depths:3 Depths:4 Depths:5
Abyss: Depths:2 Depths:4 Depths:5
Pandemonium: Depths:3
Ziggurat: Depths:4

Annotations:
D:4 exclusions: adder and ogre
D:6 Maggie
D:8 1 runed translucent door
Lair:5 1 runed translucent door, Kiguq's ghost, journeyman VSSu
Lair:6 3 runed translucent doors, Veteran's ghost, journeyman DECj
Elf:2 3 runed translucent doors
Depths:3 2 runed translucent doors
Depths:4 exclusions: angel, 2 daevas and 2 more exclusions
Zot:5 1 exclusion


Innate Abilities, Weirdness & Mutations

You have claws for hands.
You have an unnaturally thin skeletal structure. (Dex +6, Stealth++)
You regenerate a lot of health from kills.
You are extremely robust. (+30% HP)
You are completely covered in sharp spines.
You have a beak for a mouth.
You have an uncontrollable temper.
You are clumsy. (Dex -2)
Armour fits poorly on your strangely shaped body.
Your body sometimes deteriorates upon taking damage.
Your magical capacity is very low. (-20% MP)
You do not regenerate when monsters are visible.
Potions are less effective at restoring your health.
You expend magic power (3 MP) to strengthen your wands.


Message History

You slash the deathcap!
The deathcap's magic leaks into the air.
You peck the deathcap, but do no damage.
The deathcap is heavily damaged.
You slash the wandering mushroom!
You destroy the wandering mushroom!
You hit the orb of fire but do no damage.
You slash the deathcap!
The deathcap's magic leaks into the air.
The deathcap closely misses you.
The deathcap falters for a moment.
The orb of fire glows yellow.
Strange energies course through your body.
You feel extremely angry at everything!
You hit the deathcap.
The deathcap's magic leaks into the air.
The deathcap is heavily damaged.
You closely miss the orb of fire. You hit the deathcap.
The deathcap's magic leaks into the air.
The deathcap is struck by your spines. The deathcap releases spores at you!
You die...

##...####......^.........## ##..
#...## ##.<.##########...## ##.
...## ##⌠..## ##...## ## ..##
##...## ##...## # ..# ##...##
######## ##...## ..# #...##
##......## ##..<# ..# #..##
##.○)☼....## ##..# ..# #..#
##⌠.ff###...## #..# ..# #..#
#...#@*###...####..# ..# #..#
#..###*# ##........#
###**▓▓▓▓########.########▓▓▓▓#**
,,,,** #.ffXzdX*X......# **,,
,,,,,** ##fXX.p**X8....## **,,,
,,,,,,** #2.DDXXXpD....# **^,,,
,,,,,,,* ##XXXX1Dd....## *,,,,,
,,,,,,,* #.f.1°z.....# *,,,,,
,,,,,,,* *#.f.........## *,,,,,


You could see 4 orbs of fire, a Killer Klown, an electric golem, a golden
dragon, a storm dragon, a green draconian, a curse toe, 3 Orb Guardians and 2
deathcaps.

Vanquished Creatures
  Mara (Shoals:4)
  5 ancient liches
  2 juggernauts (Depths:3)
  Bai Suzhen (Shoals:4)
  Xtahua (Vaults:3)
  A curse toe (Zot:2)
  Saint Roka (Depths:3)
  A caustic shrike (Depths:3)
  10 golden dragons
  2 bone dragons
  An electric golem (Zot:3)
  Rupert (D:13)
  A Cloud Mage (WizLab)
  8 liches
  8 Orb Guardians (Zot:5)
  Jorgrun (Elf:1)
  10 tentacled monstrosities
  A shard shrike skeleton (Crypt:1)
  3 deep elf blademasters (Elf:3)
  3 titans
  7 quicksilver dragons
  12 death cobs
  A thorn hunter (Swamp:2)
  3 deep elf master archers (Elf:3)
  6 sphinxes
  Frances (D:13)
  6 shadow dragons
  2 ancient champions
  6 acid blobs (Depths:3)
  Polyphemus (Shoals:2)
  13 draconian monks
  7 storm dragons
  Kirke (Elf:1)
  10 tengu reavers
  Ilsuiw (Shoals:3)
  3 azure jellies
  A revenant (Crypt:2)
  9 fire giants
  9 frost giants
  7 draconian knights
  An orc warlord (Orc:2)
  14 vault wardens
  5 deep elf sorcerers
  5 draconian scorchers
  5 ghost moths
  A curse skull (Crypt:3)
  11 ghouls
  14 ironheart preservers
  6 draconian shifters
  An emperor scorpion (shapeshifter) (Depths:4)
  7 draconian stormcallers
  Louise (Depths:4)
  4 deep elf elementalists
  Aizul (Shoals:1)
  5 draconian annihilators
  22 stone giants
  3 spriggan defenders
  5 war gargoyles
  27 very ugly things
  5 entropy weavers
  A reaper (Crypt:2)
  4 vampire knights
  8 deep elf demonologists
  8 green draconians
  11 deep elf annihilators
  12 yellow draconians
  7 white draconians
  13 black draconians
  9 red draconians
  4 large abominations
  12 purple draconians
  A spark wasp (shapeshifter) (Vaults:5)
  2 bunyips (Swamp:2)
  2 eleionomae
  Snorg (Lair:4)
  5 small abominations
  2 merfolk javelineers
  10 deep elf death magi
  A mummy priest (Crypt:3)
  3 eidola
  14 ettins
  3 blizzard demons (WizLab)
  A green death (Depths:3)
  10 merfolk impalers
  3 deep elf high priests
  2 death oozes (Depths:3)
  A fire dragon (shapeshifter) (Vaults:5)
  13 jiangshi
  14 great orbs of eyes
  9 fire dragons
  15 ice dragons
  4 rakshasas
  15 yaktaur captains
  Fannar (D:10)
  11 boulder beetles
  23 vault guards
  18 hydras
  7 spriggan air magi
  5 ghost crabs (WizLab)
  4 merfolk avatars
  A catoblepas (Shoals:2)
  7 death knights
  14 centaur warriors
  2 satyrs
  10 dancing weapons
  9 alligators
  2 two-headed ogres (shapeshifter)
  2 merfolk aquamancers
  A queen ant (Lair:6)
  An alligator snapping turtle (Shoals:3)
  16 ogre magi
  45 two-headed ogres
  4 death yaks
  8 deep troll shamans
  5 tengu warriors
  6 spriggan berserkers
  5 vampire magi
  8 deep troll earth magi
  2 soul eaters
  2 orc high priests (Orc:2)
  14 deep elf knights
  8 goliath frogs
  A storm dragon zombie (Crypt:2)
  2 shock serpents (WizLab)
  Urug (D:13)
  5 iron trolls
  A fire crab (shapeshifter) (Vaults:2)
  12 hell knights
  2 glowing orange brains
  23 skeletal warriors
  12 sea snakes
  3 death drakes (WizLab)
  6 shadow wraiths
  2 sea snakes (shapeshifter)
  7 unseen horrors
  13 flayed ghosts
  15 deep elf archers
  32 deep trolls
  An unseen horror (shapeshifter) (D:15)
  A kraken simulacrum (Shoals:4)
  2 spriggan druids (Swamp:1)
  A swamp dragon (Swamp:3)
  6 bog bodies
  2 sphinx zombies (Vaults:3)
  8 ironbrand convokers
  Pikel (D:5)
  A wolf spider zombie (Crypt:2)
  An anaconda skeleton (Crypt:1)
  A golden dragon skeleton (Crypt:1)
  A lindwurm (shapeshifter) (Elf:1)
  An orb spider (shapeshifter) (Vaults:2)
  9 orc knights
  3 wizards
  7 wolf spiders
  17 phantasmal warriors
  33 harpies
  10 necromancers
  An iron dragon zombie (Crypt:1)
  A harpy (shapeshifter) (Vaults:5)
  41 ugly things
  53 deep elf magi
  A frost giant zombie (Depths:1)
  5 orc sorcerers
  2 shadow dragon skeletons
  10 merfolk sirens
  A will-o-the-wisp (Swamp:1)
  A manticore (shapeshifter) (Vaults:5)
  21 moths of wrath
  An elephant (shapeshifter) (Vaults:2)
  A guardian serpent (shapeshifter) (Vaults:2)
  5 cyclopes
  7 fauns
  8 elephants
  12 manticores
  A frost giant skeleton (Crypt:3)
  An apocalypse crab (WizLab)
  3 smoke demons (Crypt:3)
  A shock serpent zombie (Crypt:1)
  5 water nymphs
  A guardian serpent (Abyss:3)
  A black mamba (shapeshifter) (Depths:5)
  4 centaur zombies
  13 vault sentinels
  An orange demon (Depths:3)
  2 torpor snails
  An ice statue (IceCv)
  5 gargoyles
  7 black mambas
  A cane toad (shapeshifter) (Vaults:3)
  3 human zombies
  6 centaur skeletons
  A torpor snail (shapeshifter) (Vaults:5)
  A pale draconian zombie (Crypt:2)
  37 yaktaurs
  9 freezing wraiths
  26 cane toads
  A yaktaur (shapeshifter) (Vaults:3)
  A rime drake (Lair:5)
  A yellow draconian zombie (Crypt:1)
  An efreet (WizLab)
  8 komodo dragons
  A guardian mummy (Crypt:3)
  2 ice devils (Depths:3)
  A yaktaur skeleton (Depths:1)
  A komodo dragon (shapeshifter) (Vaults:4)
  9 red devils
  17 merfolk
  6 meliai (D:15)
  6 harpy zombies
  A human skeleton (Vaults:3)
  2 tengu conjurers
  A jumping spider (shapeshifter) (D:14)
  A meliai (shapeshifter) (Vaults:1)
  A harpy skeleton (Crypt:3)
  15 polar bears
  A tengu simulacrum (Vaults:1)
  17 wind drakes
  10 tyrant leeches
  20 hornets
  4 trolls
  2 raiju (shapeshifter)
  A jumping spider zombie (Crypt:2)
  24 slime creatures
  2 spriggan zombies (Depths:1)
  A hydra skeleton (Crypt:3)
  6 snapping turtles
  20 blink frogs
  6 dream sheep
  5 flying skulls (Crypt:2)
  An ettin skeleton (Crypt:1)
  8 air elementals
  A centaur simulacrum (D:13)
  10 shadows
  A redback (Vaults:5)
  66 yaks
  7 wyverns
  Sigmund (D:2)
  9 fire elementals
  18 spriggans
  An ushabti (Crypt:3)
  13 wraiths
  16 humans (D:13)
  A yak (shapeshifter) (Vaults:5)
  3 swamp worm simulacra (Swamp:4)
  A steam dragon (Lair:5)
  13 water elementals
  A yaktaur simulacrum (Vaults:1)
  10 vampire mosquitoes
  2 basilisks
  Edmund (D:5)
  A neqoxec (WizLab)
  20 soldier ants
  A soldier ant (shapeshifter) (Depths:2)
  A water nymph zombie (Crypt:2)
  15 swamp worms
  2 acid dragons
  5 wargs
  14 hydra simulacra (Swamp:4)
  24 water moccasins
  37 orc warriors
  A swamp dragon zombie (Crypt:1)
  11 ice beasts
  3 sky beasts
  A black bear (D:7)
  An eye of draining (shapeshifter) (Vaults:3)
  2 eyes of draining
  A manticore zombie (Shoals:3)
  4 necrophages
  40 ogres
  2 phantoms
  12 boggarts
  A snapping turtle skeleton (Crypt:3)
  30 wolves
  17 centaurs
  A lemure (D:5)
  11 big kobolds
  A rime drake zombie (Crypt:1)
  23 bullfrogs
  A wyvern zombie (D:14)
  2 palentonga skeletons (Crypt:1)
  A water moccasin zombie (D:7)
  2 scorpions
  7 killer bees
  A snapping turtle simulacrum (Crypt:1)
  A troll skeleton (Crypt:2)
  18 wights
  2 howler monkeys
  5 electric eels
  5 bullfrog zombies
  5 hounds
  2 quasits
  10 jellies
  A bullfrog skeleton (D:6)
  28 orc wizards
  22 orc priests
  2 iron imps
  Terence (D:2)
  5 iguanas
  Natasha (D:4)
  26 worker ants
  3 human simulacra
  A hound zombie (D:9)
  2 hound skeletons
  12 mummies
  A worker ant zombie (D:11)
  Robin (D:3)
  4 gnolls
  12 adders
  3 shadow imps
  3 white imps (Depths:3)
  3 ufetubi
  5 oozes
  4 swamp drake simulacra (Swamp:4)
  An adder zombie (D:6)
  An adder skeleton (D:4)
  3 worms (D:2)
  7 dart slugs
  6 leopard geckos
  140 orcs
  3 ball pythons
  3 giant cockroaches
  11 goblins
  10 hobgoblins
  2 jackals (D:7)
  27 kobolds
  6 quokkas
  4 bats
  3 frilled lizards
  A goblin skeleton (Crypt:1)
  A jackal zombie (D:6)
  A leopard gecko skeleton (D:4)
  An orc zombie (Crypt:2)
  5 rats
  13 crawling corpses
  A tentacle (Shoals:4)
2429 creatures vanquished.

Vanquished Creatures (collateral kills)
  A golden dragon (Vaults:5)
  A lich (Vaults:5)
  A titan (Vaults:5)
  3 sphinxes
  2 tengu reavers (Vaults:5)
  A deep elf sorcerer (Vaults:5)
  3 frost giants (Vaults:5)
  A ghoul (Crypt:2)
  A fire giant (Vaults:5)
  A very ugly thing (Depths:5)
  3 stone giants
  A large abomination (Vaults:5)
  A bunyip (Swamp:2)
  2 deep elf death magi (Vaults:5)
  A white draconian (Zot:5)
  2 merfolk impalers (Shoals:4)
  3 vault guards (Vaults:5)
  A centaur warrior (Depths:3)
  A ghost crab (Swamp:2)
  A death knight (Crypt:1)
  8 two-headed ogres
  An ogre mage (Vaults:5)
  A small abomination (Vaults:5)
  3 hell knights (Vaults:5)
  A sea snake (Shoals:4)
  A titan skeleton (Vaults:5)
  An ironbrand convoker (Vaults:5)
  5 deep trolls (Depths:3)
  A deep elf archer (Vaults:3)
  An orc knight (Vaults:5)
  A deep elf mage (Vaults:5)
  A necromancer (Vaults:5)
  A harpy (Shoals:3)
  An orc sorcerer (Orc:2)
  An ugly thing (D:12)
  2 manticores
  A shining eye (shapeshifter) (Depths:2)
  A merfolk siren (Shoals:4)
  3 water nymphs
  A cane toad (Lair:2)
  2 freezing wraiths (Swamp:4)
  A harpy zombie (Shoals:3)
  6 yaktaurs
  A human skeleton (Vaults:5)
  6 merfolk
  2 tyrant leeches (Swamp:1)
  2 hornets (Depths:5)
  A wind drake (Shoals:4)
  2 snapping turtles (Shoals:4)
  2 blink frogs (Lair:6)
  2 spriggans
  A warg (Depths:3)
  A hydra simulacrum (Swamp:4)
  2 swamp worms
  5 orc warriors
  An electric eel (Lair:6)
  An orc priest (Orc:2)
  4 orc wizards
  A swamp drake simulacrum (Swamp:4)
  A worm (shapeshifter) (Vaults:5)
  18 orcs
  A crawling corpse (Vaults:5)
130 creatures vanquished.

Vanquished Creatures (others)
  A fire giant (Vaults:5)
  A very ugly thing (Depths:5)
  A bunyip (Swamp:4)
  A yellow draconian (Zot:2)
  An ogre mage (Depths:3)
  2 vault guards (Vaults:5)
  A phantasmal warrior (Crypt:2)
  A manticore (Shoals:3)
  A water nymph (Shoals:3)
  2 apocalypse crabs (WizLab)
  A centaur skeleton (D:13)
  2 bloated husks
  A hornet (Swamp:2)
  A yak (IceCv)
  2 humans (Elf:1)
  A swamp worm (Swamp:4)
  2 wolves (IceCv)
  An ufetubus (Depths:3)
  A goblin (D:3)
  2 briar patches (Swamp:2)
  6 foxfires (Swamp:1)
  18 fungi
  185 plants
  3 tentacles (Shoals:4)
  27 withered plants
265 creatures vanquished.

Grand Total: 2824 creatures vanquished

Notes
Turn   | Place    | Note
-------+----------+-------------------------------------------
     0 | D:1      | 2tc the Demonspawn Gladiator began the quest for the Orb.
     0 | D:1      | Reached XP level 1. HP: 16/16 MP: 1/1
   280 | D:1      | Gained mutation: You are partially covered in sharp spines.
                  | [demonic ancestry]
   280 | D:1      | Reached XP level 2. HP: 22/22 MP: 2/2
   770 | D:1      | Gained mutation: You have a somewhat thin skeletal
                  | structure. (Dex +2, Stealth) [demonic ancestry]
   770 | D:1      | Reached XP level 3. HP: 27/27 MP: 3/3
  1126 | D:2      | Found a sparkling altar of Nemelex Xobeh.
  1128 | D:2      | Noticed Terence
  1250 | D:2      | Killed Terence
  1250 | D:2      | Gained mutation: You regenerate a little health from kills.
                  | [demonic ancestry]
  1250 | D:2      | Reached XP level 4. HP: 33/33 MP: 4/4
  1509 | D:2      | Reached skill level 5 in Axes
  1615 | D:2      | Reached XP level 5. HP: 38/38 MP: 5/5
  1664 | D:2      | Noticed Sigmund
  1677 | D:2      | Killed Sigmund
  1677 | D:2      | Gained mutation: You regenerate health from kills. [demonic
                  | ancestry]
  1677 | D:2      | Reached XP level 6. HP: 14/44 MP: 6/6
  2132 | D:3      | Noticed Robin
  2153 | D:3      | Killed Robin
  2231 | D:3      | Found a glowing golden altar of the Shining One.
  2418 | D:3      | You fall into a shaft and drop 1 floor!
  3076 | D:4      | Noticed Natasha
  3088 | D:4      | Killed Natasha
  3088 | D:4      | Reached XP level 7. HP: 50/50 MP: 7/7
  3270 | D:5      | Entered Level 5 of the Dungeon
  3662 | D:5      | Noticed Pikel
  3707 | D:5      | Killed Pikel
  3707 | D:5      | Gained mutation: You have sharp fingernails. [demonic
                  | ancestry]
  3707 | D:5      | Reached XP level 8. HP: 53/56 MP: 8/8
  3845 | D:5      | Found an ornate altar of the Wu Jian Council.
  3846 | D:5      | Found an opulent altar of Gozag.
  3868 | D:5      | Found a bloodstained altar of Trog.
  3986 | D:5      | Noticed Edmund
  4013 | D:5      | Killed Edmund
  4013 | D:5      | Reached skill level 10 in Axes
  4295 | D:5      | Found a snail-covered altar of Cheibriados.
  4553 | D:6      | Found Ecranare's Assorted Antiques.
  4560 | D:6      | Bought a scroll labeled XAMEFEW ICOY for 27 gold pieces
  4646 | D:6      | Noticed Maggie
  5640 | D:7      | Gained mutation: You have very sharp fingernails. [demonic
                  | ancestry]
  5640 | D:7      | Reached XP level 9. HP: 61/61 MP: 9/9
  5861 | D:7      | Found a broken altar of Ashenzari.
  6043 | D:7      | Found Futiun's Weapon Emporium.
  6247 | D:7      | Found a staircase to the Ecumenical Temple.
  6257 | Temple   | Entered the Ecumenical Temple
  6293 | Temple   | Became a worshipper of Qazlal Stormbringer
  6707 | D:7      | Found a burning altar of Makhleb.
  7060 | D:8      | Found a white marble altar of Elyvilon.
  7061 | D:8      | Found a runed translucent door.
  7061 | D:8      | Noticed an angel
  7382 | D:8      | Reached * piety under Qazlal
  7622 | D:8      | Noticed a two-headed ogre
  7700 | D:9      | Identified a scroll of acquirement
  7700 | D:9      | Acquired the ring "Iguys" {rElec MR++ Int+6 Dex-4 Slay+3}
  7727 | D:9      | Reached ** piety under Qazlal
  7728 | D:9      | Gained mutation: You have a moderately thin skeletal
                  | structure. (Dex +4, Stealth+) [demonic ancestry]
  7728 | D:9      | Reached XP level 10. HP: 45/67 MP: 2/10
  8021 | D:9      | Learned a level 2 spell: Slow
  8031 | D:9      | Found a staircase to the Orcish Mines.
  8143 | D:9      | Found a white marble altar of Elyvilon.
  8459 | D:9      | Found a shadowy altar of Dithmenos.
  8559 | D:9      | Found a sacrificial altar of Ru.
  8707 | D:10     | Entered Level 10 of the Dungeon
  8770 | D:10     | Noticed Fannar
  8779 | D:10     | Reached skill level 1 in Invocations
  8782 | D:10     | Reached *** piety under Qazlal
  8787 | D:9      | Reached skill level 5 in Invocations
  8809 | D:10     | Killed Fannar
  8812 | D:10     | Gained mutation: You regenerate a lot of health from kills.
                  | [demonic ancestry]
  8812 | D:10     | Reached XP level 11. HP: 72/72 MP: 3/17
  9032 | D:10     | Found Rukia's Magic Scroll Emporium.
  9046 | D:10     | Found the +2 ratskin cloak {*Rats rPois rN+ Str-1 Int-1
                  | Dex+1}
  9119 | D:10     | Found Kinook's Gadget Shop.
  9130 | D:10     | Reached skill level 1 in Armour
  9297 | D:10     | Found Ynufayze's Book Boutique.
  9489 | D:11     | Reached **** piety under Qazlal
  9526 | D:11     | Found a staircase to the Lair.
  9586 | D:11     | Reached skill level 5 in Armour
  9910 | D:11     | Found Haiderph's Elemental Accessories.
  9995 | D:11     | Reached skill level 5 in Dodging
 10088 | D:11     | Reached skill level 3 in Fighting
 10912 | D:12     | Reached skill level 4 in Fighting
 11121 | Lair:1   | Entered Level 1 of the Lair of Beasts
 11137 | Lair:1   | Reached skill level 5 in Fighting
 11287 | D:8      | Killed a two-headed ogre
 11570 | Lair:1   | Gained mutation: You have an unnaturally thin skeletal
                  | structure. (Dex +6, Stealth++) [demonic ancestry]
 11570 | Lair:1   | Reached XP level 12. HP: 68/86 MP: 10/18
 12628 | Lair:2   | Noticed a five-headed hydra
 12650 | Lair:2   | Killed a five-headed hydra
 12650 | Lair:2   | Reached skill level 15 in Axes
 12713 | Lair:2   | Noticed a four-headed hydra
 12723 | Lair:2   | Killed a four-headed hydra
 13430 | Lair:2   | Reached skill level 1 in Spellcasting
 13481 | Lair:2   | Found the +8 whip "Snakebite" {curare, rPois}
 13846 | Lair:3   | Noticed an eight-headed hydra
 13856 | Lair:3   | Killed an eight-headed hydra
 13976 | Lair:3   | Found a broken altar of Ashenzari.
 14200 | Lair:3   | Noticed an eight-headed hydra
 14211 | Lair:3   | Killed an eight-headed hydra
 14211 | Lair:3   | Reached skill level 1 in Shields
 14211 | Lair:3   | Reached XP level 13. HP: 47/91 MP: 9/19
 14808 | Lair:4   | Noticed Snorg
 14820 | Lair:4   | Killed Snorg
 14830 | Lair:4   | Reached ***** piety under Qazlal
 14905 | Lair:4   | Reached skill level 10 in Invocations
 14965 | Lair:4   | Found a staircase to the Shoals.
 15508 | Lair:4   | Found a staircase to the Swamp.
 15652 | Lair:5   | Found a runed translucent door.
 15653 | Lair:5   | Noticed Kiguq's ghost (journeyman VSSu)
 15985 | Lair:5   | Found a staircase to the Slime Pits.
 16233 | Lair:5   | Reached skill level 6 in Fighting
 16576 | Lair:6   | Entered Level 6 of the Lair of Beasts
 16593 | Lair:6   | Reached skill level 7 in Fighting
 16606 | Lair:5   | Reached skill level 8 in Fighting
 17840 | D:13     | Gained mutation: You are robust. (+10% HP) [demonic
                  | ancestry]
 17840 | D:13     | Reached XP level 14. HP: 71/115 MP: 16/23
 17899 | D:13     | Noticed Frances
 18068 | D:13     | Killed Frances
 18349 | D:13     | Noticed Urug
 18367 | D:13     | Killed Urug
 18444 | D:13     | Noticed Rupert
 18456 | D:13     | Killed Rupert
 18502 | D:13     | Found a gate to the Vaults.
 18701 | D:13     | Found an ornate altar of the Wu Jian Council.
 18926 | D:14     | Reached skill level 5 in Maces & Flails
 18964 | D:14     | Reached ****** piety under Qazlal
 18999 | D:14     | Found a frozen archway.
 19020 | D:14     | Reached skill level 5 in Shields
 19038 | IceCv    | Entered an ice cave
 19752 | IceCv    | Noticed a frost giant
 19768 | IceCv    | Killed a frost giant
 20411 | D:14     | Reached XP level 15. HP: 113/121 MP: 22/24
 20751 | D:10     | Bought a book of Unlife for 910 gold pieces
 20758 | D:10     | Learned a level 6 spell: Death Channel
 21015 | D:14     | Noticed a storm dragon
 21047 | D:14     | Killed a storm dragon
 21068 | D:14     | Noticed a fire giant
 21112 | D:14     | Killed a fire giant
 21498 | D:14     | Reached skill level 5 in Necromancy
 22108 | Shoals:1 | Entered Level 1 of the Shoals
 22479 | Shoals:1 | Noticed Aizul
 22509 | Shoals:1 | Killed Aizul
 23339 | Shoals:1 | Reached skill level 10 in Necromancy
 23532 | Shoals:2 | Noticed Polyphemus
 23768 | Shoals:2 | Killed Polyphemus
 23877 | Shoals:2 | Reached skill level 9 in Fighting
 23991 | Shoals:2 | Reached XP level 16. HP: 132/132 MP: 25/25
 24484 | Shoals:3 | Noticed Ilsuiw
 24617 | Shoals:3 | Reached skill level 10 in Fighting
 24763 | Shoals:2 | Learned a level 4 spell: Animate Dead
 24804 | Shoals:3 | Killed Ilsuiw
 24804 | Shoals:3 | Reached skill level 11 in Fighting
 25404 | Shoals:3 | Reached skill level 12 in Fighting
 26036 | Lair:6   | Reached skill level 5 in Spellcasting
 26134 | Lair:6   | Found a runed translucent gate.
 26134 | Lair:6   | Noticed Veteran's ghost (journeyman DECj)
 26135 | Lair:6   | Found a runed translucent gate.
 26136 | Lair:6   | Found a runed translucent gate.
 26820 | Lair:6   | Got a warped silver ring
 26838 | Lair:6   | Identified the ring "Pybolof" {MR+ Dex+4} (You found it on
                  | level 6 of the Lair of Beasts)
 27226 | Lair:6   | Found a viscous altar of Jiyva.
 27405 | Orc:1    | Entered Level 1 of the Orcish Mines
 27889 | Orc:2    | Entered Level 2 of the Orcish Mines
 27902 | Orc:2    | Found a roughly hewn altar of Beogh.
 27937 | Orc:2    | Found Holil's Magic Scroll Emporium.
 28133 | Orc:2    | Found a roughly hewn altar of Beogh.
 28277 | Orc:2    | Found Zosuh's Antique Armour Shop.
 28277 | Orc:2    | Found a roughly hewn altar of Beogh.
 28384 | Orc:2    | Found Ribbedi's Antique Weapon Boutique.
 28577 | Orc:2    | Found a roughly hewn altar of Beogh.
 28784 | Orc:2    | Found a staircase to the Elven Halls.
 28824 | Orc:2    | Found a roughly hewn altar of Beogh.
 28835 | Orc:2    | Reached skill level 1 in Polearms
 28853 | Orc:2    | Found Oggulos's Antique Armour Shoppe.
 28869 | Orc:2    | Bought a warped ring mail for 288 gold pieces
 28983 | Orc:2    | Found a roughly hewn altar of Beogh.
 29194 | Orc:2    | Identified the +1 ring mail "Tiaphodimm" {rCorr Stlth+}
                  | (You bought it in a shop on level 2 of the Orcish Mines)
 29435 | Swamp:1  | Entered Level 1 of the Swamp
 29612 | Swamp:1  | Reached XP level 17. HP: 143/146 MP: 8/26
 32782 | Swamp:4  | Entered Level 4 of the Swamp
 33037 | Swamp:4  | Got a smoking lapis lazuli ring
 33038 | Swamp:4  | Identified the ring "Noduycw" {rF++ MR+ Str-3 Int+6 Stlth+}
                  | (You found it on level 4 of the Swamp)
 33479 | Swamp:4  | Got a decaying rune of Zot
 33983 | Shoals:4 | Entered Level 4 of the Shoals
 34089 | Shoals:4 | Noticed Bai Suzhen
 34117 | Shoals:4 | Killed Bai Suzhen
 34146 | Shoals:4 | Gained mutation: You have claws for hands. [demonic
                  | ancestry]
 34146 | Shoals:4 | Reached XP level 18. HP: 154/154 MP: 6/27
 34152 | Shoals:4 | Noticed Mara
 34159 | Shoals:4 | Noticed 2tc's illusion
 34334 | Shoals:4 | Killed Mara
 34578 | Shoals:4 | Cast into level 3 of the Abyss (merfolk javelineer)
 34578 | Abyss:3  | Found a corrupted altar of Lugonu.
 34609 | Abyss:3  | Found a corrupted altar of Lugonu.
 34621 | Shoals:4 | Escaped the Abyss
 34960 | Shoals:4 | Got a crude falchion
 35101 | Shoals:4 | Got a barnacled rune of Zot
 35536 | D:15     | Entered Level 15 of the Dungeon
 36195 | D:15     | Learned a level 2 spell: Wereblood
 36272 | D:15     | Found Nuwiny's General Store.
 36380 | D:15     | Reached skill level 1 in Transmutations
 36798 | D:15     | Found a staircase to the Depths.
 37001 | Vaults:1 | Entered Level 1 of the Vaults
 37362 | Vaults:1 | Reached skill level 15 in Invocations
 37532 | Vaults:1 | Reached skill level 5 in Transmutations
 38003 | Vaults:1 | Gained mutation: You are very robust. (+20% HP) [demonic
                  | ancestry]
 38003 | Vaults:1 | Reached XP level 19. HP: 130/175 MP: 23/30
 38558 | Vaults:1 | Found Egimova's Assorted Antiques.
 38566 | Vaults:1 | Bought a potion of heal wounds for 165 gold pieces
 38781 | Vaults:2 | Reached skill level 10 in Armour
 40863 | Vaults:2 | Got a translucent chain mail
 40864 | Vaults:2 | Identified the +8 chain mail "Noler" {Harm *Slow rPois rF+}
                  | (You found it on level 2 of the Vaults)
 41222 | D:6      | Bought a scroll of enchant weapon for 202 gold pieces
 41317 | D:10     | Bought a scroll of identify for 26 gold pieces
 41317 | D:10     | Bought a scroll of identify for 26 gold pieces
 41317 | D:10     | Bought a scroll of enchant weapon for 97 gold pieces
 41317 | D:10     | Bought a scroll of identify for 26 gold pieces
 41317 | D:10     | Bought a scroll of identify for 26 gold pieces
 41409 | Orc:2    | Bought a scroll of fear for 56 gold pieces
 41409 | Orc:2    | Bought a scroll of identify for 32 gold pieces
 41409 | Orc:2    | Bought a scroll of identify for 32 gold pieces
 41409 | Orc:2    | Bought a scroll of identify for 32 gold pieces
 41409 | Orc:2    | Bought a scroll of enchant armour for 120 gold pieces
 41409 | Orc:2    | Bought a scroll of identify for 32 gold pieces
 41684 | Vaults:3 | Reached skill level 10 in Dodging
 41894 | Vaults:3 | Noticed a bone dragon
 41909 | Vaults:3 | Killed a bone dragon
 41915 | Vaults:3 | Found a staircase to the Crypt.
 41991 | Vaults:3 | Noticed Xtahua
 42004 | Vaults:3 | Killed Xtahua
 42009 | Vaults:3 | Reached XP level 20. HP: 170/183 MP: 14/31
 42920 | Vaults:3 | Got a coiled brass ring
 42921 | Vaults:3 | Identified the cursed ring of Caesyabi {rC+ AC-4} (You
                  | found it on level 3 of the Vaults)
 43497 | Vaults:4 | Reached skill level 13 in Fighting
 44033 | Vaults:4 | Found an opulent altar of Gozag.
 44214 | Vaults:4 | Reached skill level 14 in Fighting
 44744 | Vaults:4 | Found Femefo's Armour Shoppe.
 44850 | Crypt:1  | Entered Level 1 of the Crypt
 45277 | Crypt:1  | Reached skill level 15 in Fighting
 45386 | Crypt:1  | Reached XP level 21. HP: 191/201 MP: 27/33
 46497 | Crypt:2  | Reached skill level 16 in Fighting
 46638 | Crypt:2  | Found a transporter.
 47251 | Crypt:2  | Found a transporter.
 47782 | Crypt:2  | Noticed an ancient lich
 47790 | Crypt:2  | Gained mutation: Potions are less effective at restoring
                  | your health. [mutagenic glow]
 47805 | Crypt:2  | Gained mutation: You expend magic power (3 MP) to
                  | strengthen your wands. [mutagenic glow]
 47829 | Crypt:2  | Gained mutation: Your magical capacity is low. (-10% MP)
                  | [mutagenic glow]
 47838 | Crypt:2  | Gained mutation: You tend to lose your temper in combat.
                  | [mutagenic glow]
 48005 | Crypt:3  | Entered Level 3 of the Crypt
 48018 | Crypt:3  | Reached skill level 17 in Fighting
 49045 | Crypt:3  | Noticed an ancient lich
 49066 | Crypt:3  | Killed an ancient lich
 49181 | Crypt:3  | Found a staircase to the Tomb.
 49192 | Crypt:3  | Reached skill level 18 in Fighting
 49450 | Crypt:3  | Learned a level 1 spell: Pain
 49454 | Crypt:3  | Learned a level 3 spell: Vampiric Draining
 49460 | Crypt:3  | Learned a level 5 spell: Agony
 49537 | Crypt:3  | Noticed an ancient lich
 49560 | Crypt:3  | Killed an ancient lich
 49782 | Crypt:3  | Found the ring of the Octopus King
 49818 | Crypt:3  | Got a polished halberd
 49822 | Crypt:3  | Got a faintly glowing leather armour
 49825 | Crypt:3  | Identified the +1 leather armour of Duty {Rampage rCorr}
                  | (You found it on level 3 of the Crypt)
 49828 | Crypt:3  | Got a ring of the Octopus King
 49829 | Crypt:3  | Identified a ring of the Octopus King {rN+ AC+1 EV+1 Str+1
                  | Int+1 Dex+1} (You found it on level 3 of the Crypt)
 50372 | Crypt:3  | Identified the Collected Works on Captivating Creation
 50374 | Crypt:3  | Identified the Papyrus of Dark Transformation
 50376 | Crypt:3  | Identified the Volume of the Earthen Glacier
 50865 | Depths:1 | Entered Level 1 of the Depths
 50865 | Depths:1 | Found Enwukh's Armour Shoppe.
 50916 | Depths:1 | Found Movvurig's Antique Armour Emporium.
 50985 | Depths:1 | Found Depp's Jewellery Shoppe.
 50991 | Depths:1 | Bought a scorched scale mail for 252 gold pieces
 50993 | Depths:1 | Identified the +1 scale mail of Vlad {Int+5} (You bought it
                  | in a shop on level 1 of the Depths)
 51034 | Depths:1 | Found a gateway to Hell.
 51069 | Depths:1 | Identified the +3 trident of Zin's Fury {vorpal, rN+ Int+2}
 51090 | Depths:1 | Gained mutation: You are mostly covered in sharp spines.
                  | [demonic ancestry]
 51090 | Depths:1 | Reached XP level 22. HP: 213/223 MP: 28/31
 51427 | Depths:1 | Identified the cursed +1 scale mail "Ubbefo Ruowi" {Rampage
                  | *Corrode +Blink Slay+4} (You found it on level 1 of the
                  | Depths)
 52271 | Depths:2 | Found a flickering gateway to a bazaar.
 52299 | Bazaar   | Entered a bazaar
 52299 | Bazaar   | Found Pishugg's Book Boutique.
 52299 | Bazaar   | Found Oron's Book Shop.
 52299 | Bazaar   | Found Jalaa's Book Shop.
 52299 | Bazaar   | Found Yhoabrif's Antique Armour Boutique.
 52311 | Bazaar   | Bought a book of Death for 840 gold pieces
 52316 | Bazaar   | Learned a level 4 spell: Dispel Undead
 52977 | Depths:2 | Found a one-way gate to the infinite horrors of the Abyss.
 53531 | Depths:3 | Found a magical portal.
 53563 | WizLab   | Entered The Chambers of the Cloud Mage
 53824 | WizLab   | Reached skill level 15 in Necromancy
 54208 | WizLab   | Got a wavering golden ring
 54209 | WizLab   | Identified the ring of Geis {+Fly rPois Dex+2} (You found
                  | it in a wizard's laboratory)
 54211 | WizLab   | Identified the Papyrus of Lightness
 54214 | WizLab   | Got a heavily runed jade ring
 54215 | WizLab   | Identified the ring "Idith" {+Fly rElec rPois Str+2} (You
                  | found it in a wizard's laboratory)
 54230 | WizLab   | Identified the +0 robe "Edelufiy" {MP-9 Dex+5} (You found
                  | it in a wizard's laboratory)
 54327 | Depths:3 | Identified the +6 morningstar "Buschiamey" {vorpal, rC+
                  | MP+9}
 54328 | Depths:3 | Reached skill level 19 in Fighting
 54430 | Depths:3 | Noticed a golden dragon
 54447 | Depths:3 | Killed a golden dragon
 54457 | Depths:3 | Gained mutation: You are extremely robust. (+30% HP)
                  | [demonic ancestry]
 54457 | Depths:3 | Reached XP level 23. HP: 171/252 MP: 15/33
 54566 | Depths:3 | Noticed a juggernaut
 54579 | Depths:3 | Killed a juggernaut
 54722 | Depths:3 | Reached skill level 20 in Fighting
 54957 | Depths:3 | Noticed Saint Roka
 54973 | Depths:3 | Killed Saint Roka
 54996 | Depths:3 | Noticed a juggernaut
 55017 | Depths:3 | Killed a juggernaut
 55029 | Depths:3 | Found a burning altar of Makhleb.
 55035 | Depths:3 | Found a runed translucent door.
 55041 | Depths:3 | Found a runed translucent door.
 55479 | Depths:3 | Found a one-way gate leading to the halls of Pandemonium.
 55786 | Depths:4 | Noticed a caustic shrike
 55815 | Depths:3 | Killed a caustic shrike
 56551 | Depths:4 | Noticed Louise
 56564 | Depths:4 | Killed Louise
 56778 | Depths:4 | Found a gateway to a ziggurat.
 57426 | Depths:5 | Entered Level 5 of the Depths
 57530 | Depths:5 | Reached XP level 24. HP: 204/265 MP: 9/33
 57936 | Depths:5 | Found a corrupted altar of Lugonu.
 57937 | Depths:5 | Identified the +1 leather armour "Ustif" {Dex+3} (You found
                  | it on level 5 of the Depths)
 58235 | Depths:5 | Found a gate to the Realm of Zot.
 58732 | Crypt:2  | Killed an ancient lich
 58732 | Crypt:2  | Reached skill level 15 in Dodging
 58801 | Crypt:2  | Identified the +2 chain mail "Howas" {+Fly MR- Int-2
                  | Stlth+} (You found it on level 2 of the Crypt)
 58808 | Crypt:2  | Identified the amulet "Husch" {RegenMP rElec rN+ MR- Str+5}
                  | (You found it on level 2 of the Crypt)
 58834 | Crypt:2  | Identified the ring of the King {*Tele rElec rPois} (You
                  | found it on level 2 of the Crypt)
 58987 | Vaults:5 | Entered Level 5 of the Vaults
 59007 | Vaults:5 | Noticed an ancient lich
 59029 | Vaults:5 | Reached skill level 21 in Fighting
 59031 | Vaults:5 | Killed an ancient lich
 59042 | Vaults:5 | Reached XP level 25. HP: 107/280 MP: 9/33
 59045 | Vaults:5 | Reached skill level 22 in Fighting
 59263 | Vaults:5 | Identified the ring "Yblyweri" {MR+ Str-3 Int+6 Dex+5}
 59286 | Vaults:5 | Reached skill level 23 in Fighting
 59459 | Vaults:5 | Identified the cursed +0 ring mail "Addiheg" {Harm rN+
                  | Int+4} (You found it on level 5 of the Vaults)
 59805 | Vaults:5 | Got a silver rune of Zot
 59809 | Vaults:5 | Identified the cursed -3 pair of boots of Nihilism {rF+ rC+
                  | Str+5 Dex-4} (You found it on level 5 of the Vaults)
 59966 | Vaults:5 | Learned a level 5 spell: Borgnjor's Vile Clutch
 60039 | Vaults:5 | Found Ynorioreis's Gadget Boutique.
 60548 | Elf:1    | Entered Level 1 of the Elven Halls
 60619 | Elf:1    | Noticed Jorgrun
 60631 | Elf:1    | Killed Jorgrun
 61177 | Elf:1    | Noticed Kirke
 61188 | Elf:1    | Killed Kirke
 61428 | Elf:2    | Reached skill level 24 in Fighting
 61478 | Elf:2    | Found a runed translucent gate.
 61478 | Elf:2    | Found a runed translucent gate.
 61478 | Elf:2    | Found a runed translucent gate.
 61963 | Elf:3    | Entered Level 3 of the Elven Halls
 62343 | Elf:3    | Gained mutation: You are completely covered in sharp
                  | spines. [demonic ancestry]
 62343 | Elf:3    | Reached XP level 26. HP: 302/302 MP: 18/33
 62614 | Elf:3    | Reached skill level 25 in Fighting
 62619 | Elf:3    | Identified the ring of Nobility {AC+4 Str-5 Int+6 Dex+5}
 62719 | Elf:3    | Identified the ring "Pomuscha" {rF- rN+ rCorr Str+4 Dex+5}
                  | (You found it on level 3 of the Elven Halls)
 62724 | Elf:3    | Identified the Incunabulum of the Cankerous Escort
 62730 | Elf:3    | Identified the Tome of the Cloudy Glacier
 62734 | Elf:3    | Identified the +3 pair of boots "Vurruu" {Str+4 Int+6
                  | Slay-4 SInv} (You found it on level 3 of the Elven Halls)
 63636 | Zot:1    | Entered Level 1 of the Realm of Zot
 64857 | Zot:2    | Reached skill level 26 in Fighting
 66140 | Zot:3    | Reached skill level 27 in Fighting
 66572 | Zot:3    | Identified the +0 robe of Eternal Vigilance {Rampage} (You
                  | found it on level 3 of the Realm of Zot)
 66717 | Zot:4    | Reached XP level 27. HP: 321/323 MP: 33/33
 66874 | Zot:4    | Found a glowing silver altar of Zin.
 67472 | Zot:4    | Found Ruoricui's Changing Room.
 68158 | Zot:4    | Identified the Incunabulum of the Zealot
 68168 | Zot:4    | Identified Xekye's Papyrus of Fire and Brimstone
 68400 | Zot:5    | Entered Level 5 of the Realm of Zot
 69048 | Zot:5    | Noticed an orb of fire
 69056 | Zot:5    | Noticed an ancient lich
 69058 | Zot:5    | Noticed an ancient lich
 69061 | Zot:5    | Noticed an orb of fire
 69061 | Zot:5    | Gained mutation: You have a beak for a mouth. [an orb of
                  | fire]
 69062 | Zot:5    | Gained mutation: Your body sometimes deteriorates upon
                  | taking damage. [an orb of fire]
 69065 | Zot:5    | Gained mutation: You often lose your temper in combat. [an
                  | orb of fire]
 69066 | Zot:5    | Killed an ancient lich
 69069 | Zot:5    | Noticed an orb of fire
 69072 | Zot:5    | Noticed an orb of fire
 69072 | Zot:5    | Noticed an orb of fire
 69074 | Zot:5    | Gained mutation: You do not regenerate when monsters are
                  | visible. [an orb of fire]
 69074 | Zot:5    | Gained mutation: You are clumsy. (Dex -2) [an orb of fire]
 69075 | Zot:5    | Noticed an ancient lich
 69079 | Zot:5    | Gained mutation: Armour fits poorly on your strangely
                  | shaped body. [an orb of fire]
 69089 | Zot:5    | Gained mutation: Your magical capacity is very low. (-20%
                  | MP) [mutagenic glow]
 69093 | Zot:5    | HP: 3/323 [orb of fire/fireball (14)]
 69095 | Zot:5    | Gained mutation: You have an uncontrollable temper. [an orb
                  | of fire]
 69096 | Zot:5    | Mangled by a deathcap

Illustrated notes

Levels and vault maps discovered:
D:1:      elethiomel_arrival_shortcut, layout_basic, hangedman_decor_peaks_small
D:2:      layout_basic, nemelex_xobeh_ov_fountains_minmay, uniq_sigmund,
          uniq_terence
D:3:      layout_rooms, nicolae_tso_swordbearing_angel, uniq_robin
D:4:      cheibrodos_thug_alley, layout_basic, uniq_natasha
D:5:      layout_basic, slow_altar_1, nicolae_overflow_hidden_temple,
          bloody_trog, uniq_edmund, uniq_pikel
D:6:      layout_loops_corners, serial_shops, shop, uniq_maggie
D:7:      layout_loops_ring, kennysheep_mini, ashenzari_conservatory_becter,
          minmay_temple_entry_statues_fountains, serial_shops, shop, st_stairs_3
D:8:      layout_gridville, special_room [special_room_orc], lemuel_angel_altar
D:9:      layout_irregular_city, marbit_many_paths, kennysheep_mini_moat,
          elyvilon_altar_5, erik_orc_3
D:10:     layout_cross, serial_shops, nicolae_shop_trees, shop, shop,
          minivault_19, uniq_fannar
D:11:     layout_layer_cave, lair_entry_dummy, serial_undead, serial_undead_f,
          serial_undead_b, serial_undead_a, serial_undead_a, serial_undead_b,
          serial_undead_f, nicolae_elemental_shop, grunt_ministairs_14
D:12:     layout_roguey, bh_circular_ruins
D:13:     layout_cave_pools, david_vaults_3, basic_altar, uniq_frances
D:14:     cross_vault, layout_basic, serial_bayou_shore_a,
          portal_ice_cave_entry_ice_beasts
D:15:     grunt_enter_depths_hoard, layout_irregular_city,
          chequers_serial_rivers_room_b, serial_shops, shop, dispersion_dpeg
Temple:   jpeg_temple_island
Lair:1:   layout_small_grid
Lair:2:   minmay_guarded_unrand_snakebite, layout_loops_ring,
          grunt_megastairs_4, lemuel_fruit_fields, infiniplex_staircase_pool_2
Lair:3:   layout_loops_ring, basic_altar, st_stairs_7
Lair:4:   layout_roguey, minmay_swamp_entry_swarm, minmay_shoals_entry_beasts,
          uniq_snorg
Lair:5:   layout_gridlike, dpeg_slime_entry_corner,
          ebering_ghost_reflecting_pool, serial_bayou_lagoon_a
Lair:6:   minmay_lair_end_frog_pond, layout_regular_city, gammafunk_ghost_ooze,
          zaba_antful_of_joy, infiniplex_staircase_pool
Swamp:1:  layout_basic_swamp, evilmike_swamp_ruin_house_6, worms_lemuel
Swamp:2:  layout_basic_swamp, hangedman_swamp_lotus
Swamp:3:  layout_basic_swamp, evilmike_swamp_ruin_house_5
Swamp:4:  swamp_icy, layout_basic_swamp
Shoals:1: layout_shoals, uniq_aizul
Shoals:2: layout_shoals, uniq_polyphemus
Shoals:3: layout_shoals, nicolae_shoals_undead_eyrie, uniq_ilsuiw
Shoals:4: shoals_end_grunt_ice, layout_shoals, yaktaur_hedge, uniq_bai_suzhen,
          uniq_mara
Orc:1:    layout_caves
Orc:2:    grunt_orc_community_town_hall, layout_caves,
          grunt_orc_community_big_house_2, grunt_orc_community_big_house_2,
          grunt_orc_community_house_3, grunt_orc_community_house_3,
          grunt_orc_community_house_2, grunt_orc_community_house_1, uniq_urug
Elf:1:    eino_elf_arrival_sip, layout_geoelf_grid, minivault_28, uniq_jorgrun,
          uniq_kirke
Elf:2:    layout_geoelf_octagon
Elf:3:    minmay_elf_hall_statues, layout_gridlike
Vaults:1: nicolae_vaults_network_barrier, dpeg_vaults_monster_box,
          vaults_mumra_lcd, v_misc_4, vaults_mumra_hex, layout_vaults_quadrants,
          serial_shops, nicolae_shop_overgrown_old_shop
Vaults:2: hangedman_vaults_corner_blocks, hangedman_vaults_pinch,
          nicolae_vaults_big_angled_halls, ontoclasm_vaults_hangar,
          hangedman_vaults_hat, hangedman_vaults_slice, v_misc_9,
          vaults_standard_mumra_x, vaults_room_hangedman_quadrants,
          dpeg_vaults_monster_row, layout_vaults_omnicross
Vaults:3: ontoclasm_vaults_chip, minmay_crypt_entry_nasty_monster,
          hangedman_vaults_trim, v_rooms_1, hangedman_vaults_restitches,
          v_misc_17, nicolae_vaults_border_crossing,
          ontoclasm_vaults_claustrophobia, nicolae_vaults_stairing_the_circle,
          vaults_dpeg_doors, ontoclasm_vaults_loading_screen, v_alt_pattern_1,
          serial_ice_m, layout_vaults_omnibox, uniq_xtahua
Vaults:4: vaults_room_stairs_pillars, v_misc_5, ontoclasm_vaults_pinch,
          nicolae_vaults_twisting_passages, v_alt_pattern_3,
          nicolae_vaults_disjoint_gnomons, nicolae_vaults_disjoint_gnomons,
          v_misc_4, hangedman_vaults_maws, hangedman_vaults_stretched_pinwheel,
          vaults_room_door_ring, nicolae_vaults_specimen_jars,
          layout_vaults_ring, serial_shops, nicolae_shop_window_shopping,
          basic_altar
Vaults:5: serial_shops
Crypt:1:  layout_misc_corridors, serial_co_window_serial, co_window_paths_a,
          co_window_cross_1, co_window_paths_b, co_window_corner_a,
          co_window_corner_a, co_window_corner_cb, co_window_broadway_c,
          co_window_paths_c, co_window_cross_3, co_window_4corner_a,
          glass_columns_a, glass_columns_b, glass_columns_c
Crypt:2:  gammafunk_its_a_trap, layout_misc_corridors, minivault_27
Crypt:3:  quadcrypt_mu
Depths:1: layout_cave_shapes, hell_entry, nrook_uturn,
          kennysheep_generic_room_9, minmay_shop_star, kennysheep_random_hallway
Depths:2: cheibrodos_quadrivalence, layout_basic, pf_coc_iceberg,
          chequers_serial_rivers_large_a, pan_entry, serial_shops,
          bzr_entry_safe, abyss_entry
Depths:3: minmay_the_grid_triangle_9x9_recursive_3_mashed
          [minmay_the_grid_triangle_9x9_zippers_horizontal,
          minmay_the_grid_triangle_9x9_intruding_spiral,
          minmay_the_grid_triangle_9x9_pentomino_pain,
          minmay_the_grid_triangle_9x9_prize_schism,
          minmay_the_grid_triangle_9x9_shrine,
          minmay_the_grid_triangle_9x9_tough_junction,
          minmay_the_grid_triangle_9x9_flanged_cone,
          minmay_the_grid_triangle_9x9_from_above,
          minmay_the_grid_triangle_9x9_swiss_cheese], layout_long_grid,
          mu_enter_wizlab_4, hell_entry, hangedman_decor_riveting,
          grunt_pan_entry_spiral, special_room [special_room_jelly],
          infiniplex_staircase_split_hallway, uniq_saint_roka
Depths:4: minmay_cut_squares, layout_honeycomb, enter_ziggurat_c,
          nicolae_abyss_entry_one_way_or_another, grunt_decor_mini_mirrors,
          hell_entry, serial_bayou_shore_b, infiniplex_staircase_x
Depths:5: grunt_zot_entry_tricorne, layout_twisted_cross,
          abyss_entry_flame_altar, hangedman_abyss_or_decor_slice, hell_entry,
          grunt_megastairs_5
Zot:1:    layout_cellular_growth
Zot:2:    layout_basic
Zot:3:    layout_misc_corridors, st_small_dragon_hoard_5
Zot:4:    nicolae_zot_draconian_monastery, layout_gridlike,
          nicolae_transmutations_shop
Zot:5:    layout_concentric_octagons, lemuel_baited_zot_trap

Skill      XL: |  1  2  3  4  5  6  7  8  9 10 11 12 13 14 15 16 17 18 19 20 21 22 23 24 25 26 27 |
---------------+----------------------------------------------------------------------------------+-----
Axes           | 3 4 5 6 7 9 11 13 14 16 19 | 19.6
Invocations    | 8 9 12 15 17 20 26 | 26.2
Armour         | 5 6 7 8 9 12 | 12.0
Dodging        | 5 8 11 12 15 | 15.0
Fighting       | 5 8 9 12 15 18 19 20 21 24 27 | 27.0
Spellcasting   | 3 5 |  5.0
Maces & Flails | 2 5 |  5.5
Shields        | 1 4 6 |  6.1
Necromancy     | 10 13 15 19 20 | 20.0
Polearms       | 1 3 |  3.7
Transmutations | 5 |  5.0
Throwing       | |  1.7
Earth Magic    | |  0.2

Action                   |  1- 3 |  4- 6 |  7- 9 | 10-12 | 13-15 | 16-18 | 19-21 | 22-24 | 25-27 || total
-------------------------+-------+-------+-------+-------+-------+-------+-------+-------+-------++-------
Melee: War axe           |    45 |       |       |       |    84 |    89 |   644 |   111 |    69 ||  1042
       Hand axe          |    48 |   164 |   476 |   640 |   188 |   369 |       |       |       ||  1885
       Whip              |       |       |       |    85 |  1158 |   757 |    15 |       |    54 ||  2069
       Broad axe         |       |       |       |       |       |   456 |  1122 |  1072 |  1186 ||  3836
       Peck              |       |       |       |       |       |       |       |       |     3 ||     3
Throw: Boomerang         |       |     2 |     5 |    14 |    18 |       |       |       |       ||    39
       Throwing net      |       |     1 |       |       |       |       |       |       |       ||     1
 Cast: Animate Dead      |       |       |       |       |       |    17 |     5 |     3 |     3 ||    28
       Death Channel     |       |       |       |       |       |     9 |     1 |     4 |     7 ||    21
       Wereblood         |       |       |       |       |       |     2 |     9 |    14 |    11 ||    36
       Pain              |       |       |       |       |       |       |       |     2 |     2 ||     4
       Agony             |       |       |       |       |       |       |       |     6 |    15 ||    21
       Dispel Undead     |       |       |       |       |       |       |       |    11 |     3 ||    14
       Vampiric Draining |       |       |       |       |       |       |       |     1 |       ||     1
       Borgnjor's Vile C |       |       |       |       |       |       |       |       |     1 ||     1
Invok: Upheaval          |       |       |       |     3 |     9 |    19 |    34 |    14 |     6 ||    85
       Disaster Area     |       |       |       |       |       |     2 |     1 |     1 |       ||     4
Evoke: Wand              |       |       |       |    11 |    12 |    23 |       |     4 |       ||    50
  Use: Scroll            |     9 |     5 |     7 |     8 |    12 |    24 |    17 |    14 |    13 ||   109
       Potion            |     1 |     2 |     5 |     1 |    16 |    14 |     5 |     9 |     7 ||    60
 Stab: Sleeping          |     1 |     2 |    13 |       |       |       |       |       |       ||    16
       Distracted        |       |       |       |     1 |       |     6 |     1 |    11 |    12 ||    31
       Paralysed         |       |       |       |       |       |       |       |     2 |       ||     2
       Confused          |       |       |       |       |       |       |       |       |     2 ||     2
Armor: Leather armour    |    20 |    30 |   114 |   100 |    84 |       |       |       |       ||   348
       Ring mail         |       |       |       |       |    98 |   373 |       |       |       ||   471
       Acid dragon scale |       |       |       |       |       |       |   239 |   254 |   258 ||   751
Dodge: Dodged            |    56 |    74 |   225 |   336 |   492 |   780 |   552 |   635 |   779 ||  3929
       Repelled          |       |       |       |     2 |    11 |    25 |    11 |    20 |    38 ||   107
Block: Other             |       |       |     2 |   104 |    16 |       |       |       |       ||   122
       Buckler           |       |       |       |       |   720 |  1166 |   893 |   785 |   779 ||  4343

Table legend: (Time is in decaauts)
 A = Elapsed time spent in this place.
 B = Non-inter-level travel time spent in this place.
 C = Inter-level travel time spent in this place.
 D = Time resting spent in this place.
 E = Time spent auto-exploring this place.
 F = Levels seen in this place.
 G = Mean time per level.
                   A        B        C        D        E       F      G
               +--------+--------+--------+--------+--------+-----+--------+
         Total |  66947 |  61188 |   5759 |  12459 |  34020 |  57 | 1174.5 |
       Dungeon |  17535 |  15250 |   2285 |   3767 |   8169 |  15 | 1169.0 |
        Temple |    239 |    223 |     16 |      0 |    212 |   1 |  239.0 |
          Lair |   7166 |   6418 |    748 |   1125 |   4193 |   6 | 1194.3 |
         Swamp |   4270 |   4015 |    255 |   1099 |   1894 |   4 | 1067.5 |
        Shoals |   4877 |   4531 |    346 |   1037 |   2319 |   4 | 1219.2 |
  Orcish Mines |   1872 |   1661 |    211 |     23 |   1150 |   2 |  936.0 |
   Elven Halls |   2703 |   2543 |    160 |    110 |   1844 |   3 |  901.0 |
        Vaults |   8732 |   8081 |    651 |   1370 |   4596 |   5 | 1746.4 |
         Crypt |   5833 |   5451 |    382 |   1478 |   2554 |   3 | 1944.3 |
        Depths |   6680 |   6209 |    471 |   1295 |   3245 |   5 | 1336.0 |
           Zot |   5325 |   5093 |    232 |    864 |   3157 |   5 | 1065.0 |
         Abyss |     36 |     36 |      0 |      0 |      0 |   1 |   36.0 |
        Bazaar |     79 |     79 |      0 |     43 |      0 |   1 |   79.0 |
      Ice Cave |    878 |    878 |      0 |     24 |    473 |   1 |  878.0 |
        Wizlab |    714 |    714 |      0 |    219 |    209 |   1 |  714.0 |
               +--------+--------+--------+--------+--------+-----+--------+

Top non-repeatable levels by time:
 Crypt:3: 2480 daAuts
Vaults:1: 2375 daAuts
    D:14: 2050 daAuts
Vaults:2: 1847 daAuts
 Crypt:2: 1843 daAuts
Vaults:4: 1735 daAuts
Depths:3: 1731 daAuts
    D:12: 1713 daAuts
   Zot:4: 1704 daAuts
    D:11: 1663 daAuts
Shoals:3: 1634 daAuts
  Lair:4: 1606 daAuts
Vaults:3: 1518 daAuts
 Crypt:1: 1510 daAuts
Depths:4: 1414 daAuts
